 Dungeon Crawl Stone Soup version 0.18-a0-19-g8b99b3a (webtiles) character file.

191 4thArraOfDagon the Chopper (level 5, -1/47 HPs)
             Began as a Hill Orc Fighter on Nov 1, 2015.
             Was an Initiate of the Shining One.
             Slain by a wyvern zombie (5 damage)
             ... on level 8 of the Dungeon.
             The game lasted 00:05:36 (1394 turns).

4thArraOfDagon the Chopper (Hill Orc Fighter)       Turns: 1394, Time: 00:05:36

Health: -1/47      AC: 11    Str: 19    XL:     5   Next: 70%
Magic:  5/5        EV:  3    Int:  9    God:    the Shining One [......]
Gold:   47         SH:  9    Dex: 10    Spells: 0 memorised, 4 levels left

rFire  . . .     SeeInvis .     a - +0 war axe
rCold  . . .     Clarity  .     l - +0 plate armour
rNeg   . . .     SustAt   .     c - +0 shield
rPois  .         Gourm    .     (no helmet)
rElec  .         Spirit   .     (no cloak)
rCorr  .         Warding  .     (no gloves)
rMut   .         Stasis   .     (no boots)
MR     .....                    (no amulet)
Stlth  ..........               (no ring)
                                (no ring)

@: lethally poisoned (-1 -> -3), not resistant to hostile enchantments,
extremely unstealthy
A: no striking features
a: Renounce Religion


You were on level 8 of the Dungeon.
You worshipped the Shining One.
The Shining One was noncommittal.
You were not hungry.

You visited 2 branches of the dungeon, and saw 9 of its levels.

You collected 47 gold pieces.

Inventory:

Hand Weapons
 a - a +0 war axe (weapon)
Missiles
 g - 8 javelins (quivered)
Armour
 c - a +0 shield (worn)
 l - a +0 plate armour (worn)
Wands
 m - a wand of frost (22)
 n - a wand of draining (3)
Scrolls
 b - a scroll of recharging {unknown}
 d - a scroll of teleportation {unknown}
 h - 2 scrolls of identify
 i - a scroll of enchant armour {unknown}
 j - a scroll of fear {unknown}
Comestibles
 e - 4 bread rations
 f - 2 slices of pizza
 k - 3 fruits


   Skills:
 + Level 4.8 Fighting
 * Level 5.8 Axes
 + Level 4.3 Armour
 - Level 3.2 Shields


You had 4 spell levels left.
You didn't know any spells.

Dungeon Overview and Level Annotations

Branches:
Dungeon (8/15)             Temple (1/1) D:4
   Lair: D:8-11

Altars:
Dithmenos
Elyvilon
Fedhas
Kikubaaqudgha
Qazlal
Trog
Yredelemnul
The Shining One


Message History

You aren't carrying any potions.
You aren't carrying any potions.
Unknown command.
You slash the wyvern zombie!
You feel sick.
The wyvern zombie bites you but does no damage.
The wyvern zombie bites you.
* * * LOW HITPOINT WARNING * * *
You hit the wyvern zombie.
You feel sick. The wyvern zombie barely misses you.
The wyvern zombie bites you but does no damage.
You barely miss the wyvern zombie. You block the wyvern zombie's attack.
Your shield and plate armour prevent you from hitting the wyvern zombie.
You feel sick. The wyvern zombie barely misses you.
You block the wyvern zombie's attack.
Unknown command.
Your plate armour prevents you from hitting the wyvern zombie.
The wyvern zombie bites you but does no damage.
You block the wyvern zombie's attack.
Unknown command.
You hit the wyvern zombie.
You feel sick. The wyvern zombie bites you.
You die...

..... ..?. # ...
##.# #.# ....#
#.##...#.#
#>........
#.##.#.### #Z# ..
#@####.##
###########........
#................###
#.##...###########
#.##...# #......#
####...#####
#..........#
#..........#


You could see a wyvern zombie.

Vanquished Creatures
  A scorpion (D:5)
  A water moccasin skeleton (D:5)
  2 worker ants
  A hound skeleton (D:4)
  2 adders (D:2)
  2 bats
  A giant cockroach (D:7)
  2 goblins (D:1)
  A hobgoblin (D:3)
  2 giant geckos (D:1)
  A jackal (D:8)
  4 rats
20 creatures vanquished.

Notes
Turn   | Place    | Note
--------------------------------------------------------------
     0 | D:1      | 4thArraOfDagon the Hill Orc Fighter began the quest for the Orb.
     0 | D:1      | Reached XP level 1. HP: 19/19 MP: 1/1
   141 | D:1      | Reached XP level 2. HP: 14/27 MP: 2/2
   210 | D:2      | Reached skill level 4 in Fighting
   210 | D:2      | Reached XP level 3. HP: 17/33 MP: 3/3
   458 | D:4      | Found a staircase to the Ecumenical Temple.
   467 | Temple   | Entered the Ecumenical Temple
   512 | Temple   | Became a worshipper of the Shining One
   611 | D:5      | Entered Level 5 of the Dungeon
   629 | D:5      | Reached XP level 4. HP: 30/40 MP: 4/4
   695 | D:5      | Reached skill level 5 in Axes
   695 | D:5      | Reached XP level 5. HP: 25/47 MP: 5/5
  1108 | D:7      | Noticed a gargoyle
  1190 | D:7      | Noticed an ice beast
  1394 | D:8      | Slain by a wyvern zombie

Vault maps used:
D:1:      lemuel_arrival_tunnels
D:2:      kennysheep_goblin_castle, lemuel_round_altar, first_bread,
          uniq_natasha, uniq_iyjb, uniq_jessica
D:3:      nemelex_diamond_rough_becter
D:4:      nicolae_ru_path_of_blood, lemuel_round_altar,
          minmay_temple_entry_mist, uniq_menkaure
D:5:      nemelex_lonely_heart_becter
D:6:      minitemple, minmay_misc_feat_iff, roderic_serpentine_path
D:7:      serial_glass, glass_columns_b, glass_columns_b, kennysheep_cross_room
Temple:   oiseaux_autumnal_temple_12

Action                   |  1- 3 |  4- 6 || total
-------------------------+-------+-------++-------
Melee: War axe           |    58 |    52 ||   110
  Use: Scroll            |     1 |     1 ||     2
       Potion            |       |     2 ||     2
  Eat: Beef jerky        |       |     1 ||     1
       Chunk             |       |     1 ||     1
